AoeStats
← Barón de la Cerveza

Arabia

504118428Analyzed
1v1 RM · 1mo ago on Sep 4, 2026· 36m 26s· 2 players
Game mode
Random Map
Map size
Tiny (2 player)
Population
200
Speed
Normal
Resources
Standard
Victory
Conquest
Starting age
Dark Age
Ending age
Imperial Age
RankedLock teamsTeams togetherTeam positionsShared explorationLock speedFull tech treeHidden civsTurbo modeCheats
Victory
Defeat
🇲🇽 Bulgarians · Mexico
1760
+16
🇵🇪 Hindustanis · Peru
1758
-16
ATILA200
6:30 Loom
8:40 Feudal Age
9:32 Double-Bit Axe
10:40 Horse Collar
12:44 Town Watch
17:20 Forging
17:06 Fletching
22:20 Castle Age
22:19 Forging
23:11 Bloodlines
22:44 Light Cavalry
23:31 Scale Barding Armor
23:37 Gold Mining
25:25 Crossbowman
26:29 Bodkin Arrow
34:44 Padded Archer Armor
Barón de la Cerveza
6:12 Loom
6:31 Loom
6:56 Loom
9:22 Feudal Age
11:30 Arson
14:36 Double-Bit Axe
17:10 Forging
18:03 Fletching
23:13 Castle Age
21:17 Horse Collar
21:46 Gold Mining
23:35 Scale Mail Armor
24:14 Chain Mail Armor
24:14 Bodkin Arrow
23:41 Elite Skirmisher
26:09 Gambesons
26:59 Heavy Plow
27:45 Bow Saw
28:28 Bow Saw
30:19 Wheelbarrow
31:00 Padded Archer Armor
31:38 Iron Casting
32:26 Leather Archer Armor
35:52 Imperial Age
35:33 Gold Shaft Mining
34:48 Stone Mining
35:20 Hand Cart
35:57 Capped Ram
37:32 Crop Rotation
Connection lost

Rejoining the realm…

Still unreachable

The connection could not be restored.

Session expired

The server has moved on; the page needs a fresh start.